Unix NetHack Version 3.7.0-65 Work-in-progress - last build Sep 26 2022 05:48:34 (a9070be95fe145525c880ceec589f5104d392f49,branch:master). Game began 2022-09-28 22:28:01, ended 2022-09-29 01:07:54. Gandelf, neutral male human Monk |........... ---............ ..|......^...... ... ....%.)........... ..... ---....Y%Y....<........... |.[[%..h@................. ----.......------- ... |.......| --------- Gandelf the Initiate St:17 Dx:9 Co:15 In:13 Wi:14 Ch:7 Neutral S:4605 Dlvl:12 $:0 HP:0(62) Pw:49(49) AC:0 Xp:7/899 T:3846 Burdened Latest messages: The carnivorous ape hits! You cannot escape from the carnivorous ape! The carnivorous ape hits! The carnivorous ape hits! You are being crushed. A runed dagger misses you. The carnivorous ape misses! The carnivorous ape misses! The carnivorous ape hits! The carnivorous ape misses! You are being crushed. The carnivorous ape hits! The carnivorous ape hits! Are you sure you want to pray? [yn] (n) y You begin praying to Chih Sung-tzu. You are surrounded by a shimmering light. The carnivorous ape loosens its grip slightly. The carnivorous ape starts to attack you, but pulls back. The carnivorous ape loosens its grip slightly. The carnivorous ape starts to attack you, but pulls back. The carnivorous ape loosens its grip slightly. The carnivorous ape starts to attack you, but pulls back. You finish your prayer. You feel that Chih Sung-tzu is well-pleased. You feel much better. You cannot escape from the carnivorous ape! The carnivorous ape hits! The carnivorous ape hits! You are being crushed. The carnivorous ape hits! The carnivorous ape hits! You cannot escape from the carnivorous ape! The carnivorous ape hits! The carnivorous ape misses! You are being crushed. The carnivorous ape hits! The carnivorous ape hits! You hit the carnivorous ape! The carnivorous ape hits! The carnivorous ape hits! You are being crushed. The hobbit hits! The carnivorous ape hits! The carnivorous ape hits! You die... Do you want your possessions identified? [ynq] (y) y Do you want to see your attributes? [ynq] (y) y Do you want an account of creatures vanquished? [ynaq] (y) y Do you want to see your conduct and achievements? [ynq] (y) y Do you want to see the dungeon overview? [ynq] (y) y Inventory: Weapons D - 4 +1 daggers Armor y - an uncursed +0 dwarvish iron helm (being worn) a - an uncursed +2 pair of leather gloves (being worn) W - an uncursed +0 pair of iron shoes (being worn) N - an uncursed +1 robe (being worn) Scrolls K - an uncursed scroll of earth k - an uncursed scroll of gold detection P - an uncursed scroll of identify u - an uncursed scroll of remove curse Potions p - an uncursed potion of extra healing e - an uncursed potion of fruit juice j - an uncursed potion of full healing c - an uncursed potion of monster detection J - an uncursed potion of oil Rings R - an uncursed ring of conflict M - a cursed ring of levitation L - an uncursed ring of poison resistance Wands s - a wand of digging (0:1) G - a wand of enlightenment (0:14) r - a wand of make invisible (0:7) l - a wand of striking (0:5) F - a wand of striking (0:3) U - a wand of striking (0:3) Tools A - an uncursed bag of holding containing 27 items C - an uncursed brass lantern (lit) B - a +0 pick-axe Gems/Stones Q - an uncursed fluorite stone t - an uncursed jade stone v - 2 uncursed jet stones V - 2 uncursed obsidian stones x - an uncursed worthless piece of black glass X - an uncursed worthless piece of black glass q - an uncursed worthless piece of blue glass I - an uncursed worthless piece of green glass Y - 2 uncursed worthless pieces of green glass E - 3 uncursed worthless pieces of orange glass H - an uncursed worthless piece of orange glass w - an uncursed worthless piece of red glass S - an uncursed worthless piece of violet glass T - 3 uncursed worthless pieces of violet glass b - 2 uncursed worthless pieces of white glass O - an uncursed worthless piece of white glass z - an uncursed worthless piece of yellow glass Z - an uncursed worthless piece of yellowish brown glass Contents of the bag of holding: 449 gold pieces 12 +0 arrows 15 +0 darts 9 +0 shuriken 5 +0 daggers 6 +0 daggers 6 uncursed apples an uncursed food ration 4 uncursed food rations 4 uncursed fortune cookies 6 uncursed oranges 3 uncursed tripe rations an uncursed egg an uncursed scroll of blank paper an uncursed scroll of light a blessed spellbook of protection 3 uncursed potions of water an empty uncursed oilskin sack an uncursed wooden harp a cursed can of grease (0:15) an uncursed figurine of a dog an uncursed figurine of a lich an uncursed leash an uncursed magic whistle 2 uncursed tallow candles a tinning kit (0:76) an uncursed towel Gandelf the Monk's attributes: Background: You were an Initiate, a level 7 male human Monk. You were neutral, on a mission for Chih Sung-tzu who was opposed by Shan Lai Ching (lawful) and Huan Ti (chaotic). You were in the Gnomish Mines, on level 12. You entered the dungeon 3846 turns ago. It was nighttime. You had 899 experience points, 381 more were needed to attain level 8. Your score was 4605 before end-of-game adjustments. Basics: You had 0 out of 62 hit points. You had all 49 energy points (spell power). Your armor class was 0. Your wallet was empty. Autopickup was off. Final Characteristics: Your strength was 17 (limit:18/100). Your dexterity was 9 (limit:18). Your constitution was 15 (limit:18). Your intelligence was 13 (limit:18). Your wisdom was 14 (limit:18). Your charisma was 7 (limit:18). Final Status: You were held by a carnivorous ape (northwest). You were not hungry. You were burdened; movement was slightly slowed. You were empty handed. You were skilled in martial arts. Final Attributes: You were piously aligned. You were sleep resistant. You were poison resistant. You saw invisible. You were warned. You were stealthy. You were guarded. You were fast. You are dead. Miscellaneous: You encountered 1 bones level. Total elapsed playing time was 2 hours, 12 minutes and 15 seconds. Major events: Turn 1: Gandelf the neutral male human Monk entered the dungeon 792: attained the rank of Novice (level 3) 2658: entered the Gnomish Mines 3033: attained the rank of Initiate (level 6) 3417: reached Mine Town 3846: killed by a carnivorous ape Vanquished creatures: 3 fire ants an imp a rock mole 4 gnome leaders 3 gnomish wizards 2 giant ants 2 little dogs 2 floating eyes 12 dwarves 4 hill orcs a rothe a giant bat a monkey an iguana 2 acid blobs 2 gas spores a hobbit a manes a red mold 41 gnomes 3 garter snakes a gnome zombie 4 geckos 2 jackals 2 foxes a kobold 2 goblins 2 sewer rats 8 grid bugs 5 lichens a kobold zombie 11 newts 128 creatures vanquished. No species were genocided or became extinct. Voluntary challenges: You followed a strict vegan diet. You never hit with a wielded weapon. You read items or engraved 2 times. You never engraved Elbereth. You never genocided any monsters. You never polymorphed an object. You never changed form. You used no wishes. Achievements: You attained the rank of Novice. You entered the Gnomish Mines. You attained the rank of Initiate. You entered Minetown. You entered a temple. You entered a shop. The Dungeons of Doom: levels 1 to 4 Level 1: An altar to Chih Sung-tzu. Level 2: Level 3: Level 4: A fountain. Stairs down to The Gnomish Mines. The Gnomish Mines: levels 5 to 12 Level 5: Level 6: Level 7: A grave. Final resting place for SkydiveMike-Rog-Hum-Mal-Cha, killed by a dwarf. Level 8: Some shops, a temple, a fountain. Level 9: Level 10: Level 11: Level 12: <- You were here. Final resting place for you, killed by a carnivorous ape. Game over: ---------- / \ / REST \ / IN \ / PEACE \ / \ | Gandelf | | 449 Au | | killed by a | | carnivorous ape | | | | | | 2022 | *| * * * | * _________)/\\_//(\/(/\)/\//\/|_)_______ Goodbye Gandelf the Monk... You died in The Gnomish Mines on dungeon level 12 with 4561 points, and 449 pieces of gold, after 3846 moves. You were level 7 with a maximum of 62 hit points when you died.